AoeStats
← Irrelevant

Arena

508489398Analyzed
4v4 RM · 10d ago on Sep 22, 2026· 44m 24s· 8 players
Game mode
Random Map
Map size
Large (8 player)
Population
200
Speed
Normal
Resources
Standard
Victory
Conquest
Starting age
Dark Age
Ending age
Imperial Age
RankedLock teamsTeams togetherTeam positionsShared explorationLock speedFull tech treeHidden civsTurbo modeCheats
Victory
Defeat
1622
+13
🇲🇽 Byzantines · Mexico
1619
+13
🇦🇷 Britons · Argentina
1487
+19
🇵🇪 Persians · Peru
1461
+19
🇹🇷 Cumans · Türkiye
1583
-17
🇫🇮 Varangians · Finland
1548
-16
🇦🇷 Danes · Argentina
1548
-16
🇹🇷 Britons · Türkiye
1517
-15
TheGhostmaster
2:57 Loom
9:50 Feudal Age
10:39 Double-Bit Axe
10:34 Horse Collar
15:50 Castle Age
17:02 Bow Saw
17:01 Heavy Plow
17:08 Town Watch
19:42 Wheelbarrow
21:26 Hand Cart
23:53 Stone Mining
23:59 Gold Mining
29:00 Imperial Age
27:23 Pikeman
28:05 Squires
28:18 Town Patrol
28:42 Scale Mail Armor
28:53 Forging
29:07 Onager
30:35 Siege Engineers
31:17 Siege Onager
33:08 Chemistry
32:19 Arson
32:47 Halberdier
35:21 Conscription
34:26 Northmen's Fury
36:05 Chain Mail Armor
37:02 Hamask
38:21 Plate Mail Armor
38:27 Iron Casting
39:33 Capped Ram
41:53 Blast Furnace
41:05 Siege Ram
Bzm_Thejose
8:43 Feudal Age
11:35 Double-Bit Axe
11:32 Horse Collar
19:15 Castle Age
17:51 Gold Mining
18:31 Bloodlines
19:21 Scale Barding Armor
20:38 Wheelbarrow
20:34 Bow Saw
21:07 Gold Shaft Mining
21:21 Heavy Plow
26:45 Chain Barding Armor
26:36 Forging
28:58 Loom
29:28 Hand Cart
28:59 Town Watch
33:00 Imperial Age
Bzm_JöNTüRK
8:35 Loom
10:21 Feudal Age
13:45 Fletching
16:02 Castle Age
Irrelevant
10:30 Feudal Age
14:06 Castle Age
12:27 Double-Bit Axe
12:58 Horse Collar
15:08 Bow Saw
20:14 Wheelbarrow
22:15 Hand Cart
21:46 Loom
22:21 Heavy Plow
23:51 Gold Mining
23:55 Stone Mining
25:55 Stone Shaft Mining
29:06 Imperial Age
26:55 Scale Mail Armor
27:09 Caravan
27:51 Forging
28:24 Chain Mail Armor
29:20 Iron Casting
28:47 Squires
28:33 Gambesons
28:33 Arson
28:50 Fletching
29:13 Town Watch
30:55 Plate Mail Armor
29:57 Elite Varangian Guard
31:00 Conscription
30:36 Gothikon
34:45 Blast Furnace
34:46 Masonry
34:49 Pikeman
36:11 Fletching
36:22 Murder Holes
37:22 Halberdier
38:37 Bodkin Arrow
39:43 Bracer
39:44 Padded Archer Armor
40:52 Chemistry
39:48 Cranequins
39:57 Man-at-Arms
40:21 Heavy Mounted Crossbowman
42:48 Padded Archer Armor
[NOGG] HaZarD10S
12:05 Feudal Age
15:37 Castle Age
13:26 Double-Bit Axe
13:35 Horse Collar
17:18 Wheelbarrow
17:35 Bow Saw
20:23 Heavy Plow
28:15 Imperial Age
26:20 Hand Cart
25:51 Loom
26:30 Gold Mining
26:32 Stone Mining
27:29 Fortified Wall
29:37 Scale Barding Armor
29:24 Heavy Camel Rider
30:05 Husbandry
30:30 Conscription
31:24 Chain Barding Armor
31:48 Gold Shaft Mining
31:28 Forging
30:44 Capped Ram
31:45 Siege Ram
33:09 Stone Shaft Mining
33:23 Plate Barding Armor
33:46 Iron Casting
33:05 Elite Varangian Guard
33:47 Scale Mail Armor
35:55 Squires
35:42 Gambesons
35:44 Arson
36:23 Logistica
36:57 Chain Mail Armor
38:15 Plate Mail Armor
40:05 Elite Cataphract
42:39 Hoardings
42:41 Fletching
43:18 Ballistics
que estas haciendo gonorrea?
5:37 Loom
8:34 Feudal Age
9:08 Double-Bit Axe
9:03 Horse Collar
11:21 Town Watch
13:57 Wheelbarrow
20:49 Castle Age
19:30 Scale Barding Armor
21:42 Bow Saw
21:36 Heavy Plow
20:57 Light Cavalry
33:56 Imperial Age
31:51 Fletching
32:53 Bodkin Arrow
34:50 Bracer
35:11 Ballistics
34:13 Crossbowman
35:20 Hand Cart
34:32 Capped Ram
36:27 Crop Rotation
35:43 Siege Ram
37:22 Padded Archer Armor
38:23 Chemistry
36:45 Arbalester
38:35 Thumb Ring
38:58 Leather Archer Armor
38:54 Forging
38:45 Scale Mail Armor
39:05 Chain Barding Armor
39:07 Conscription
39:53 Lechitic Legacy
40:32 Husbandry
40:42 Bloodlines
40:41 Gold Mining
40:41 Stone Mining
40:32 Winged Hussar
42:25 Iron Casting
44:25 Blast Furnace
43:41 Chain Mail Armor
43:45 Masonry
45:01 Hoardings
Alex Kriz Froz
10:40 Feudal Age
13:01 Town Watch
15:33 Castle Age
15:05 Double-Bit Axe
15:01 Horse Collar
16:48 Heavy Plow
16:59 Bow Saw
23:25 Wheelbarrow
22:54 Town Watch
24:36 Hand Cart
24:21 Town Patrol
24:19 Gold Mining
24:19 Stone Mining
26:34 Town Patrol
27:25 Stone Mining
28:10 Gold Shaft Mining
30:35 Imperial Age
29:51 Stone Shaft Mining
29:56 Scale Barding Armor
30:01 Forging
31:14 Chain Barding Armor
30:16 Elite War Elephant
31:38 Crop Rotation
32:09 Two-Man Saw
31:18 Loom
32:39 Iron Casting
35:19 Plate Barding Armor
35:45 Blast Furnace
37:01 Fletching
37:32 Ballistics
38:13 Chemistry
36:47 Sappers
39:39 Light Cavalry
40:30 Bloodlines
40:20 Husbandry
40:45 Hussar
Francisco Pizarron
10:12 Feudal Age
11:50 Loom
11:55 Double-Bit Axe
14:16 Castle Age
12:13 Horse Collar
15:29 Bow Saw
15:33 Heavy Plow
21:48 Fletching
24:22 Wheelbarrow
23:41 Gold Mining
28:22 Imperial Age
26:02 Bodkin Arrow
27:00 Padded Archer Armor
28:07 Leather Archer Armor
28:37 Ballistics
29:29 Bracer
29:53 Conscription
30:56 Chemistry
31:31 Ring Archer Armor
30:41 Elite Longbowman
35:18 Yeomen
35:06 Scale Mail Armor
35:16 Forging
35:51 Masonry
35:54 Fortified Wall
36:02 Chain Mail Armor
35:10 Pikeman
36:00 Man-at-Arms
36:05 Halberdier
43:00 Squires
42:54 Gambesons
42:55 Arson
44:24 Two-Man Saw
42:57 Long Swordsman
44:09 Plate Mail Armor
43:09 Elite Skirmisher
44:28 Iron Casting
Connection lost

Rejoining the realm…

Still unreachable

The connection could not be restored.

Session expired

The server has moved on; the page needs a fresh start.